 Dungeon Crawl Stone Soup version 0.26-a0-660-gc07710193c (webtiles) character file.

Game seed: 5871520034358296750

105 flotson the Magician (level 4, -5/30 HPs)
             Began as a Mummy Venom Mage on Oct 8, 2020.
             Slain by an orc wizard
             ... wielding a +0 dagger
              (7 damage)
             ... on level 3 of the Dungeon.
             The game lasted 00:07:32 (2087 turns).

flotson the Magician (Mummy Venom Mage)             Turns: 2087, Time: 00:07:32

Health: -5/30      AC:  2    Str: 12    XL:     4   Next: 53%
Magic:  10/10      EV: 12    Int: 14    God:
Gold:   103        SH:  0    Dex: 12    Spells: 5/11 levels left

rFire    x . .     SeeInvis .   (no weapon)
rCold    + . .     Faith    .   (no shield)
rNeg     + + +     Spirit   .   a - +0 robe
rPois    ∞         Reflect  .   (no helmet)
rElec    .         Harm     .   (no cloak)
rCorr    .         Rampage  .   (no gloves)
MR       .....                  (no boots)
Stlth    +.........             e - amulet of regeneration
HPRegen  0.50/turn              (no ring)
MPRegen  0.12/turn              (no ring)

@: confused
A: no potions, fire vulnerability, cold resistance 1, negative energy resistance
3, torment resistance, unbreathing
a: no special abilities


You were on level 3 of the Dungeon.
You visited 1 branch of the dungeon, and saw 3 of its levels.

You collected 103 gold pieces.

Inventory:

Missiles
 j - 13 poisoned darts (quivered)
Armour
 a - a +0 robe (worn)
Jewellery
 c - an uncursed amulet of magic regeneration
 d - an uncursed amulet of guardian spirit
 e - an amulet of regeneration (around neck)
Wands
 i - a wand of acid (10)
Scrolls
 b - a scroll of enchant armour {unknown}
 f - 3 scrolls of identify {unknown}
 g - 3 scrolls of remove curse {unknown}
 h - a scroll of fear {unknown}


   Skills:
 + Level 1.8 Dodging
 + Level 1.8 Stealth
 + Level 4.1 Spellcasting
 + Level 1.0 Transmutations
 + Level 0.5 Air Magic
 + Level 3.3 Poison Magic


You had 5 spell levels left.
You knew the following spells:

 Your Spells              Type           Power        Failure   Level
a - Sting                 Tmut/Pois      #...         8%          1
b - Poisonous Vapours     Pois/Air       #.....       13%         2
c - Ignite Poison         Fire/Tmut/Pois #.......     30%         3

Your spell library contained the following spells:

 Spells                   Type           Power        Failure   Level
 Mephitic Cloud           Conj/Pois/Air  #.......     34%         3
 Olgreb's Toxic Radiance  Pois           ##......     43%         4


Dungeon Overview and Level Annotations

Branches:
Dungeon (3/15)

Altars:
Nemelex Xobeh
Ru
Trog


Innate Abilities, Weirdness & Mutations

You do not drink.
Your flesh is vulnerable to fire.
You are immune to poison.
Your flesh is cold resistant. (rC+)
You are immune to negative energy. (rN+++)
You are immune to unholy pain and torment.
You can survive without breathing.


Message History

Casting: Sting (safe; 8% risk of failure)
Confirm with . or Enter, or press ? or * to list all spells.
You can't see any susceptible monsters within range! (Use Z to cast anyway.)
Casting: Sting (safe; 8% risk of failure)
Confirm with . or Enter, or press ? or * to list all spells.
Press: ? - help, Shift-Dir - straight line You miss something.
Something hits you.
You miss something. Something hits you but does no damage.
You closely miss something. Something hits you!
You hit something but do no damage. Something hits you.
You closely miss something. Something hits you.
You closely miss something. Something hits you.
* * * LOW HITPOINT WARNING * * *
You hit something but do no damage.
You hear some strange, mumbled words.
You are confused.
You completely miss something. Something hits you.
* * * LOW HITPOINT WARNING * * *
You closely miss something. Something hits you!
You die...

#.>.......#.# ##..#.#...
#.........#.# #........#
#...........# ##.#)g....#
#####..####.#####.....#....
##.## #.............# #..#
##### #.....### #.##
###...†...# #.#
########.....#...#
##)###(...{@).#...#......
#..##..############ .##.$
#.....## .# # #..#### #
####


There were no monsters in sight!

Vanquished Creatures
  A worker ant (D:3)
  2 adders (D:2)
  2 dart slugs (D:1)
  4 orcs
  7 bats
  2 giant cockroaches
  9 goblins
  6 hobgoblins
  4 jackals (D:1)
  2 quokkas (D:2)
  5 frilled lizards (D:1)
  4 kobolds
  8 rats
56 creatures vanquished.

Notes
Turn   | Place    | Note
-------+----------+-------------------------------------------
     0 | D:1      | flotson the Mummy Venom Mage began the quest for the Orb.
     0 | D:1      | Reached XP level 1. HP: 13/13 MP: 4/4
   233 | D:1      | Reached XP level 2. HP: 18/19 MP: 3/5
   314 | D:1      | Learned a level 2 spell: Poisonous Vapours
   375 | D:1      | Reached skill level 3 in Spellcasting
   602 | D:1      | Reached XP level 3. HP: 16/24 MP: 7/7
   734 | D:1      | Learned a level 3 spell: Ignite Poison
   951 | D:2      | Found a sparkling altar of Nemelex Xobeh.
   982 | D:2      | Reached skill level 1 in Transmutations
  1167 | D:2      | Found a bloodstained altar of Trog.
  1511 | D:2      | Found a sacrificial altar of Ru.
  1801 | D:2      | Reached XP level 4. HP: 24/30 MP: 6/9
  1894 | D:3      | Reached skill level 4 in Spellcasting
  2086 | D:3      | HP: 1/30 [something (4)]
  2087 | D:3      | Slain by an orc wizard

Illustrated notes

Levels and vault maps discovered:
D:1:      saegor_arrival_miasma, layout_rooms, chequers_serial_rivers_room_b
D:2:      layout_rooms, nemelex_xobeh_ov_fountains_minmay, bloody_trog,
          nicolae_ru_sacrificial_ziggurat
D:3:      layout_rooms

Skill      XL: |  1  2  3  4 |
---------------+-------------+-----
Spellcasting   | 3 4 |  4.1
Poison Magic   | 3 |  3.3
Transmutations | 1 |  1.0
Dodging        | |  1.8
Stealth        | |  1.8
Air Magic      | |  0.5

Action                   |  1- 3 |  4- 6 || total
-------------------------+-------+-------++-------
Melee: Unarmed           |    21 |    16 ||    37
Throw: Dart              |       |     5 ||     5
 Cast: Sting             |    73 |     9 ||    82
       Poisonous Vapours |    14 |     3 ||    17
 Stab: Sleeping          |       |     1 ||     1
Armor: Robe              |    10 |     1 ||    11
Dodge: Dodged            |    50 |     7 ||    57

Table legend: (Time is in decaauts)
 A = Elapsed time spent in this place.
 B = Non-inter-level travel time spent in this place.
 C = Inter-level travel time spent in this place.
 D = Time resting spent in this place.
 E = Time spent auto-exploring this place.
 F = Levels seen in this place.
 G = Mean time per level.
                   A        B        C        D        E       F      G
               +--------+--------+--------+--------+--------+-----+--------+
         Total |   2097 |   2062 |     35 |    149 |   1440 |   3 |  699.0 |
       Dungeon |   2097 |   2062 |     35 |    149 |   1440 |   3 |  699.0 |
               +--------+--------+--------+--------+--------+-----+--------+

Top non-repeatable levels by time:
     D:1: 1021 daAuts
     D:2: 866 daAuts
     D:3: 209 daAuts
